 Dungeon Crawl Stone Soup version 0.29-a0-1030-gf5f8719cae (webtiles) character file.

Game seed: 15602212722298946514

3 kvrfg the Sneak (level 1, 0/9 HPs)
             Began as a Spriggan Enchanter on Aug 14, 2022.
             Slain by a bat (1 damage)
             ... on level 1 of the Dungeon.
             The game lasted 00:00:52 (211 turns).

kvrfg the Sneak (Spriggan Enchanter)                 Turns: 211, Time: 00:00:52

Health: 0/9        AC:  0    Str:  4    XL:     1   Next: 41%
Magic:  5/5        EV: 17    Int: 16    God:
Gold:   47         SH:  0    Dex: 15    Spells: 5/5 levels left

rFire   . . .      SeeInvis +   a - +2 dagger
rCold   . . .      Faith    .   (no shield)
rNeg    . . .      Spirit   .   (body armour restricted)
rPois   .          Reflect  .   (helmet restricted)
rElec   .          Harm     .   (no cloak)
rCorr   .          Rampage  .   (gloves unavailable)
Will    .....                   (boots unavailable)
Stlth   +++.......              (no amulet)
HPRegen 0.03/turn               (no ring)
MPRegen 0.09/turn               (no ring)

@: very quick
A: very small, no large weapons, unfitting armour, see invisible, speed 3
a: no special abilities


You were on level 1 of the Dungeon.
You visited 1 branch of the dungeon, and saw 1 of its levels.

You collected 47 gold pieces.

Inventory:

Hand Weapons
 a - a +2 dagger (weapon)


   Skills:
 - Level 2.6 Dodging
 - Level 4.4 Stealth
 - Level 0.7 Unarmed Combat
 + Level 2.9 Spellcasting
 + Level 3.8 Hexes


You had 5 spell levels left.
You didn't know any spells.
Your spell library contained the following spells:

 Spells                   Type           Power      Damage    Failure   Level
 Confusing Touch          Hex            14%        N/A       12%         3
 Tukima's Dance           Hex            14%        N/A       12%         3
 Ensorcelled Hibernation  Hex/Ice        16%        N/A       13%         2
 Dazzling Flash           Conj/Hex       16%        N/A       26%         3


Dungeon Overview and Level Annotations

Branches:
Dungeon (1/15)

Altars:


Innate Abilities, Weirdness & Mutations

You are very small and have problems with some larger weapons.
You are too small for most types of armour.
You have supernaturally acute eyesight. (SInv)
You cover ground extremely quickly. (Speed+++)


Message History

The jackal barks!
You hear a bark!
The bat closely misses you. The bat barely misses you.
A jackal comes into view.
You closely miss the bat. The bat hits you.
A jackal comes into view.
The jackal moves out of view.
The bat attacks as you move away! The bat misses you. x2
The bat barely misses you. The bat completely misses you.
You see here a scroll labelled NOSUTE LOUQYVAC.
As you read the scroll labelled NOSUTE LOUQYVAC, it crumbles to dust.
It is a scroll of enchant weapon.
Your +0 dagger glows red for a moment.
The bat hits you.
A rat comes into view.
Found 14 gold pieces.
Unknown command.
Unknown command.
The bat hits you.
You see here a scroll of enchant weapon.
As you read the scroll of enchant weapon, it crumbles to dust.
Your +1 dagger glows red for a moment.
The bat misses you. The bat attacks as you move away! The bat misses you.
Found a leather armour.
The bat hits you. The bat attacks as you move away!
The bat completely misses you.
A goblin comes into view. It is wielding a +0 dagger.
Found a book of Burglary, 11 gold pieces and a scroll labelled VEWEUL SASMOIR.
The goblin shouts!
The bat misses you. The bat attacks as you move away!
The bat closely misses you. The bat hits you. The bat attacks as you move away!
The bat hits you. x2
* * * LOW HITPOINT WARNING * * *
Found 6 gold pieces.
The bat attacks as you move away! The bat completely misses you.
Found a glowing sling.
The bat misses you. The bat attacks as you move away! The bat misses you.
The bat hits you.
* * * LOW HITPOINT WARNING * * *
You aren't carrying any potions.
Unknown command.
The bat attacks as you move away! The bat hits you.
You die...

###########
##.......).###
###....b@.......
#.?....r####.###
.###......g#
........h..#
......$....#
.###.......####
#......:.$..
#[......####
#... ###..#.##


You could see a jackal, a goblin, a bat and a rat.

Vanquished Creatures
  A dart slug (D:1)
  A goblin (D:1)
2 creatures vanquished.

Notes
Turn   | Place    | Note
-------+----------+-------------------------------------------
     0 | D:1      | kvrfg the Spriggan Enchanter began the quest for the Orb.
     0 | D:1      | Reached XP level 1. HP: 9/9 MP: 5/5
   211 | D:1      | Slain by a bat

Illustrated notes

Levels and vault maps discovered:
D:1:      psy_arrival_basics, layout_loops_ring

Action                   || total
-------------------------++-------
Melee: Dagger            ||     3
       Unarmed           ||     2
  Use: Scroll            ||     2
 Stab: Sleeping          ||     2
Dodge: Dodged            ||    17

Table legend: (Time is in decaauts)
 A = Elapsed time spent in this place.
 B = Non-inter-level travel time spent in this place.
 C = Inter-level travel time spent in this place.
 D = Time resting spent in this place.
 E = Time spent auto-exploring this place.
 F = Levels seen in this place.
 G = Mean time per level.
                   A        B        C        D        E       F      G
               +--------+--------+--------+--------+--------+-----+--------+
         Total |    130 |    130 |      0 |      0 |     78 |   1 |  130.0 |
       Dungeon |    130 |    130 |      0 |      0 |     78 |   1 |  130.0 |
               +--------+--------+--------+--------+--------+-----+--------+

Top non-repeatable levels by time:
     D:1: 130 daAuts
